 Dungeon Crawl Stone Soup version 0.29-a0-919-gd064cfad1c (webtiles) character file.

Game seed: 3679166385438809461

123 concernfroge the Trooper (level 4, -4/39 HPs)
             Began as a Mummy Monk on July 27, 2022.
             Killed by divine providence
             ... invoked by an orc priest
              (14 damage)
             ... on level 4 of the Dungeon.
             The game lasted 00:07:10 (2711 turns).

concernfroge the Trooper (Mummy Monk)               Turns: 2711, Time: 00:07:10

Health: -4/39      AC: 11    Str: 16    XL:     4   Next: 79%
Magic:  4/4        EV:  5    Int:  9    God:
Gold:   135        SH:  7    Dex: 14    Spells: 3/3 levels left

rFire   x . .      SeeInvis +   a - +1 spear
rCold   + . .      Faith    .   e - +0 kite shield
rNeg    + + +      Spirit   .   n - +0 chain mail
rPois   ∞          Reflect  .   (no helmet)
rElec   +          Harm     .   (no cloak)
rCorr   +          Rampage  .   (no gloves)
Will    +....                   f - +2 pair of boots
Stlth   ..........              d - amulet of the acrobat
HPRegen 0.13/turn               c - ring of see invisible
MPRegen 0.09/turn               h - ring "Suge Koo" {+Blink rElec rN+ Will+ rCorr}

@: no status effects
A: cold resistance 1, negative energy resistance 3, torment resistance 2, heat
vulnerability 1, in touch with death 1, no potions
a: Evoke Blink


You were on level 4 of the Dungeon.
You visited 1 branch of the dungeon, and saw 4 of its levels.

You collected 135 gold pieces.

Inventory:

Hand Weapons
 a - a +1 spear (weapon)
Missiles
 j - a throwing net (quivered)
Armour
 e - a +0 kite shield (worn)
 f - a +2 pair of boots (worn)
 n - a +0 chain mail (worn)
Jewellery
 c - a ring of see invisible (left hand)
 d - an amulet of the acrobat (around neck)
 h - the ring "Suge Koo" (right hand) {+Blink rElec rN+ Will+ rCorr}
   (You found it on level 2 of the Dungeon)

   [ring of willpower]

   rElec:     It insulates you from electricity.
   rN:        It protects you from negative energy.
   +Blink:    It lets you blink.
   rCorr:     It protects you from acid and corrosion.
   Will:      It increases your willpower.
Wands
 o - a wand of paralysis (7)
Scrolls
 g - a scroll of vulnerability
 i - a scroll of noise


   Skills:
 + Level 5.6 Fighting
 - Level 2.4 Polearms
 - Level 2.4 Dodging
 - Level 1.5 Stealth


You had 3 spell levels left.
You didn't know any spells.
Your spell library contained the following spells:

 Spells                   Type           Power      Damage    Failure   Level
 Magic Dart               Conj           0%         1d3       100%        1
 Blink                    Tloc           0%         N/A       100%        2
 Call Imp                 Summ           0%         N/A       100%        2
 Call Canine Familiar     Summ           0%         N/A       100%        3
 Confusing Touch          Hex            0%         N/A       100%        3
 Lesser Beckoning         Tloc           0%         N/A       100%        3
 Mephitic Cloud           Conj/Pois/Air  0%         N/A       100%        3
 Portal Projectile        Hex/Tloc       0%         N/A       100%        3
 Leda's Liquefaction      Hex/Erth       0%         N/A       100%        4
 Olgreb's Toxic Radiance  Pois           0%         N/A       100%        4
 Manifold Assault         Tloc           0%         N/A       100%        5
 Yara's Violent Unravell  Hex/Tmut       0%         3d3       100%        5
 Enfeeble                 Hex            0%         N/A       100%        7
 Ozocubu's Refrigeration  Ice            0%         4d5       100%        7
 Ignition                 Fire           0%         3d3       100%        8


Dungeon Overview and Level Annotations

Branches:
Dungeon (4/15)
 Temple: D:4-7

Altars:
Ashenzari

Shops:
D:2 =(


Innate Abilities, Weirdness & Mutations

You are immune to poison.
Your flesh is cold resistant. (rC+)
You are immune to negative energy. (rN+++)
You are immune to unholy pain and torment.
You are vulnerable to heat. (rF-)
You are in touch with the powers of death.
You do not drink.


Message History

The orc priest misses you.
You reach to attack!
You hit the orc priest but do no damage.
The orc priest barely misses you.
You reach to attack!
You barely miss the orc priest.
The orc priest hits you but does no damage.
You reach to attack!
You barely miss the orc priest.
The orc priest hits you from afar with a +0 trident.
The orc priest barely misses you.
You reach to attack!
You hit the orc priest.
The orc priest is lightly wounded.
The orc priest hits you but does no damage.
You reach to attack!
You barely miss the orc priest.
The orc priest is lightly wounded.
The orc priest hits you but does no damage.
You reach to attack!
You hit the orc priest.
The orc priest is moderately wounded.
You block the orc priest's attack.
You reach to attack!
You hit the orc priest.
The orc priest is moderately wounded.
The orc priest hits you but does no damage.
You reach to attack!
You hit the orc priest.
The orc priest is heavily wounded.
The orc priest hits you from afar with a +0 trident. x2
You reach to attack!
You hit the orc priest.
The orc priest is severely wounded.
The orc priest calls down the wrath of Beogh upon you.
Beogh smites you!
You are too injured to fight recklessly!
As you read the scroll labelled XYIMYI UXO TOA, it crumbles to dust.
It is a scroll of amnesia.
You feel forgetful for a moment.
The orc priest hits you from afar with a +0 trident.
* * * LOW HITPOINT WARNING * * *
As you read the scroll labelled ZERGHU MYNUOWN, it crumbles to dust.
It is a scroll of enchant weapon.
Your +0 spear glows red for a moment.
The orc priest calls down the wrath of Beogh upon you.
Beogh smites you!
You die...

#.#
#..###.###.##.#.##.#
#.# #..#
##......###.... ..#
#..#####>.##..#.#.##
##
#............#.##.#
#.######..........#
#.### ##.####.##<#
#...# #.# #.##.##
###.# #.# #..#...
#@# #.# ##.#### #.#
#.# #.# # #o# #.#
#.# # #o# #.# ##.##
# #o# #.####...###
#.# #........... #.#
######...### #.#
##.## #†# #.#


You could see an orc priest, an orc wizard (invisible) and an orc.

Vanquished Creatures
  Natasha (D:3)
  A gnoll (D:1)
  4 adders
  2 dart slugs (D:1)
  An orc (D:4)
  3 ball pythons
  3 endoplasms
  3 giant cockroaches
  6 goblins
  5 hobgoblins
  2 jackals (D:1)
  3 quokkas (D:2)
  3 bats (D:1)
  4 frilled lizards
  4 kobolds (D:2)
  A rat (D:1)
46 creatures vanquished.

Vanquished Creatures (others)
  Terence (D:3)
1 creature vanquished.

Grand Total: 47 creatures vanquished

Notes
Turn   | Place    | Note
-------+----------+-------------------------------------------
     0 | D:1      | concernfroge the Mummy Monk began the quest for the Orb.
     0 | D:1      | Reached XP level 1. HP: 18/18 MP: 1/1
   421 | D:1      | Reached XP level 2. HP: 11/25 MP: 2/2
   785 | D:1      | Reached skill level 4 in Fighting
  1062 | D:1      | Gained mutation: You are in touch with the powers of death.
                  | [Mummy growth]
  1062 | D:1      | Reached XP level 3. HP: 29/30 MP: 3/3
  1351 | D:2      | Found a faded altar of an unknown god.
  1532 | D:2      | Identified the ring "Suge Koo" {+Blink rElec rN+ Will+
                  | rCorr}
  1550 | D:2      | Found Cosaulok's Weapon Emporium.
  1789 | D:2      | Found Ecvil's Jewellery Shop.
  2176 | D:3      | Killed Terence
  2196 | D:3      | Noticed Natasha
  2208 | D:3      | Killed Natasha
  2209 | D:3      | Reached skill level 5 in Fighting
  2209 | D:3      | Reached XP level 4. HP: 39/39 MP: 4/4
  2411 | D:3      | Noticed a kobold brigand
  2464 | D:4      | Found a broken altar of Ashenzari.
  2711 | D:4      | Killed from afar by an orc priest

Illustrated notes

Levels and vault maps discovered:
D:1:      minmay_arrival_checkered_box, layout_basic, minmay_statues_item,
          minmay_pentomino_r2
D:2:      layout_rooms, serial_shops, shop, nicolae_shop_hallway_plus,
          hellmonk_ecumenical_altar_run_dry
D:3:      layout_basic, lemuel_old_faithful, uniq_jessica, uniq_terence,
          uniq_natasha, uniq_grinder
D:4:      minmay_razor_zed, layout_loops_ring, ashenzari_altar_1

Skill      XL: |  1  2  3 |
---------------+----------+-----
Fighting       | 4 5 |  5.6
Polearms       | |  2.4
Dodging        | |  2.4
Stealth        | |  1.5

Action                   |  1- 3 |  4- 6 || total
-------------------------+-------+-------++-------
Melee: Spear             |   171 |    67 ||   238
  Use: Scroll            |       |     5 ||     5
 Stab: Sleeping          |     2 |       ||     2
Armor: Robe              |    16 |       ||    16
       Leather armour    |    24 |       ||    24
       Chain mail        |     1 |    34 ||    35
Dodge: Dodged            |    87 |    13 ||   100
Block: Kite shield       |    37 |    15 ||    52

Table legend: (Time is in decaauts)
 A = Elapsed time spent in this place.
 B = Non-inter-level travel time spent in this place.
 C = Inter-level travel time spent in this place.
 D = Time resting spent in this place.
 E = Time spent auto-exploring this place.
 F = Levels seen in this place.
 G = Mean time per level.
                   A        B        C        D        E       F      G
               +--------+--------+--------+--------+--------+-----+--------+
         Total |   2739 |   2583 |    156 |      0 |   2010 |   4 |  684.8 |
       Dungeon |   2739 |   2583 |    156 |      0 |   2010 |   4 |  684.8 |
               +--------+--------+--------+--------+--------+-----+--------+

Top non-repeatable levels by time:
     D:1: 1354 daAuts
     D:2: 835 daAuts
     D:4: 280 daAuts
     D:3: 269 daAuts
